 Dungeon Crawl Stone Soup version 0.27.1-1-g398f81649c (webtiles) character file.

Game seed: 14406837035664651502

16 HenryVIII the Poker (level 2, -2/27 HPs)
             Began as a Minotaur Berserker on Sept 14, 2021.
             Was a Follower of Trog.
             Slain by Sigmund (11 damage)
             ... on level 2 of the Dungeon.
             The game lasted 00:04:33 (922 turns).

HenryVIII the Poker (Minotaur Berserker)             Turns: 922, Time: 00:04:33

Health: -2/27      AC:  2    Str: 21    XL:     2   Next: 37%
Magic:  1/1        EV: 12    Int:  4    God:    Trog [*.....]
Gold:   68         SH:  0    Dex:  9    Spells: 1/1 levels left

rFire    . . .     SeeInvis .   a - +0 spear
rCold    . . .     Faith    .   (no shield)
rNeg     . . .     Spirit   .   b - +0 animal skin
rPois    .         Reflect  .   (helmet restricted)
rElec    .         Harm     .   (no cloak)
rCorr    .         Rampage  .   (no gloves)
Will     .....                  (no boots)
Stlth    +.........             (no amulet)
HPRegen  0.09/turn              (no ring)
MPRegen  0.07/turn              (no ring)

@: confused, on berserk cooldown, slowed, very slow
A: horns 2, retaliatory headbutt
a: Renounce Religion, Berserk


You were on level 2 of the Dungeon.
You worshipped Trog.
Trog was aware of your devotion.
You visited 1 branch of the dungeon, and saw 2 of its levels.

You collected 68 gold pieces.

Inventory:

Hand Weapons
 a - a +0 spear (weapon)
 f - a +0 spear
Missiles
 g - 29 stones (quivered)
Armour
 b - a +0 animal skin (worn)
Scrolls
 c - 4 scrolls of identify {unknown}
 d - a scroll of teleportation {unknown}
 e - 2 scrolls of enchant armour {unknown}


   Skills:
 + Level 3.9 Fighting
 * Level 4.4 Polearms
 * Level 0.1 Throwing
 - Level 2.4 Armour
 - Level 2.1 Dodging


You had one spell level left.
You didn't know any spells.
Your spell library contained the following spells:

 Spells                   Type           Power      Damage    Failure   Level
 Corpse Rot               Necr/Air       N/A        N/A       65%         2
 Poisonous Vapours        Pois/Air       0%         N/A       65%         2
 Freezing Cloud           Conj/Ice/Air   0%         6-21      100%        5


Dungeon Overview and Level Annotations

Branches:
Dungeon (2/15)

Altars:

Annotations:
D:2 Sigmund


Innate Abilities, Weirdness & Mutations

You have a pair of horns on your head.
You reflexively headbutt those who attack you in melee.


Message History

You are too confused!
You are too confused!
You are too confused!
You bump into the rock wall.
Sigmund hits you from afar with a +0 scythe.
You bump into the rock wall.
You feel your anger nearly subside.
Sigmund hits you from afar with a +0 scythe!
You are no longer berserk.
You are exhausted.
You feel yourself slow down.
You closely miss Sigmund. You headbutt Sigmund.
Sigmund is lightly wounded.
Sigmund closely misses you. Sigmund hits you with a +0 scythe.
You feel less confused. Sigmund hits you but does no damage.
Sigmund gestures at you while chanting.
You are confused.
You bump into the rock wall.
Sigmund points at you and mumbles some strange words.
The magic dart hits you.
* * * LOW HITPOINT WARNING * * *
Sigmund points at you and mumbles some strange words.
You are more confused.
Sigmund closely misses you.
You bump into the rock wall.
Sigmund closely misses you. x2
Sigmund points at you and mumbles some strange words.
You are more confused.
Okay, then.
You aren't carrying any potions.
Unknown command.
You are too confused!
You bump into the rock wall.
Sigmund closely misses you. Sigmund casts a spell at you.
You resist with significant effort.
Sigmund mumbles some strange words.
Sigmund flickers and vanishes!
Deactivating autopickup; reactivate with Ctrl-A.
Something hits you!
You die...

#.# #.# #.# #.# #.#
#.# #.# #.###########
#.....@.....# #
###########.######....
#...<....# ##########


There were no monsters in sight!

Vanquished Creatures
  A dart slug (D:1)
  2 endoplasms (D:1)
  2 goblins (D:1)
  A hobgoblin (D:1)
  A ball python (D:1)
  A bat (D:1)
  3 kobolds (D:1)
  4 rats
15 creatures vanquished.

Notes
Turn   | Place    | Note
-------+----------+-------------------------------------------
     0 | D:1      | HenryVIII the Minotaur Berserker began the quest for the
                  | Orb.
     0 | D:1      | Reached XP level 1. HP: 19/19 MP: 0/0
    97 | D:1      | Reached skill level 4 in Polearms
   166 | D:1      | Reached XP level 2. HP: 21/27 MP: 1/1
   898 | D:2      | Noticed Sigmund
   922 | D:2      | Slain by Sigmund

Illustrated notes

Levels and vault maps discovered:
D:1:      eino_arrival_cavern_d, layout_loops_ring
D:2:      layout_loops_ring, dreamdust_ecumenical_altar_sealed_demon,
          uniq_sigmund, uniq_terence, uniq_jessica

Skill      XL: |  1 |
---------------+----+-----
Polearms       | 4 |  4.4
Fighting       | |  3.9
Throwing       | |  0.1
Armour         | |  2.4
Dodging        | |  2.1

Action                   || total
-------------------------++-------
Melee: Spear             ||    41
       Headbutt          ||     4
Throw: Stone             ||     7
Invok: Berserk           ||     1
 Stab: Sleeping          ||     1
Armor: Animal skin       ||     5
Dodge: Dodged            ||    13
